 Dungeon Crawl Stone Soup version 0.28.0-43-g3370ac3207 (webtiles) character file.

Game seed: 15103356113842498116

119 Peloso the Covered (level 4, -1/41 HPs)
             Began as a Minotaur Fighter on Mar 27, 2022.
             Slain by a gnoll
             ... wielding a +0 spear
              (4 damage)
             ... on level 2 of the Dungeon.
             The game lasted 00:01:36 (1424 turns).

Peloso the Covered (Minotaur Fighter)               Turns: 1424, Time: 00:01:36

Health: -1/41      AC:  8    Str: 20    XL:     4   Next: 74%
Magic:  3/3        EV:  9    Int:  5    God:
Gold:   29         SH:  5    Dex: 12    Spells: 3/3 levels left

rFire   . . .      SeeInvis .   a - +0 long sword
rCold   . . .      Faith    .   c - +0 buckler
rNeg    . . .      Spirit   .   b - +0 scale mail
rPois   .          Reflect  .   (helmet restricted)
rElec   .          Harm     .   (no cloak)
rCorr   .          Rampage  .   (no gloves)
Will    .....                   j - +0 pair of boots
Stlth   ..........              (no amulet)
HPRegen 0.13/turn               (no ring)
MPRegen 0.08/turn               (no ring)

@: no status effects
A: horns 2, retaliatory headbutt
a: no special abilities


You were on level 2 of the Dungeon.
You visited 1 branch of the dungeon, and saw 2 of its levels.

You collected 29 gold pieces.

Inventory:

Hand Weapons
 a - a +0 long sword (weapon)
Armour
 b - a +0 scale mail (worn)
 c - a +0 buckler (worn)
 j - a +0 pair of boots (worn)
Scrolls
 h - a scroll of identify {unknown}
 l - a scroll of teleportation {unknown}
Potions
 d - 2 potions of might
 e - 2 potions of flight {unknown}
 f - a potion of brilliance {unknown}
 g - a potion of haste {unknown}
 i - 2 potions of resistance {unknown}
 k - a potion of lignification {unknown}


   Skills:
 + Level 4.5 Fighting
 + Level 3.7 Long Blades
 + Level 4.8 Armour
 + Level 0.5 Dodging
 + Level 4.0 Shields


You had 3 spell levels left.
You didn't know any spells.
Your spell library contained the following spells:

 Spells                   Type           Power      Damage    Failure   Level
 Inner Flame              Hex/Fire       0%         N/A       99%         3
 Cause Fear               Hex            0%         N/A       100%        4
 Discord                  Hex            0%         N/A       100%        8


Dungeon Overview and Level Annotations

Branches:
Dungeon (2/15)

Altars:


Innate Abilities, Weirdness & Mutations

You have a pair of horns on your head.
You reflexively headbutt those who attack you in melee.


Message History

You slash the gnoll!
You kill the gnoll!
The gnoll hits you from afar with a +0 spear.
The gnoll closely misses you. x2
You barely miss the rat. The gnoll hits you but does no damage.
The rat closely misses you.
The giant cockroach waves its antennae.
The gnoll hits you but does no damage. x2
You hit the rat.
You kill the rat!
The gnoll hits you from afar with a +0 spear.
The giant cockroach bites you but does no damage.
The gnoll hits you but does no damage.
You slash the giant cockroach!
You kill the giant cockroach!
The gnoll hits you but does no damage. x2; The goblin completely misses you.
You furiously retaliate!
You headbutt the goblin!
You kill the goblin!
The gnoll hits you but does no damage. You block the gnoll's attack.
Items here: )))) ††.
You block the gnoll's attack. The gnoll hits you but does no damage.
Found a potion of might.
The gnoll hits you but does no damage. The gnoll hits you with a +0 spear.
You slash the gnoll!
You headbutt the gnoll, but do no damage.
The gnoll is severely wounded.
The gnoll hits you with a +0 spear.
* * * LOW HITPOINT WARNING * * *
You block the gnoll's attack. The gnoll hits you with a +0 spear.
* * * LOW HITPOINT WARNING * * *
You slash the gnoll!
You kill the gnoll!
The gnoll hits you with a +0 spear.
* * * LOW HITPOINT WARNING * * *
Unknown command.
You closely miss the gnoll. The gnoll hits you but does no damage.
Unknown command.
You barely miss the gnoll. Your headbutt misses the gnoll.
The gnoll hits you with a +0 spear.
You die...

..######..
.........# #######
#.#####....
#......##
#........##
........##
#####.<....
.........#
##....####.
.........#####..####
## !.....$.)##....##
# .......@.)..####
........g####
........## .........
......... .........#
.........#
....<....#


You could see a gnoll.

Vanquished Creatures
  A bullfrog skeleton (D:2)
  Jessica (D:2)
  2 gnolls (D:2)
  A worm (D:2)
  2 dart slugs
  2 endoplasms (D:1)
  3 giant cockroaches
  2 goblins
  3 hobgoblins
  3 quokkas (D:1)
  2 ball pythons (D:1)
  A bat (D:1)
  9 kobolds
  6 rats
38 creatures vanquished.

Notes
Turn   | Place    | Note
-------+----------+-------------------------------------------
     0 | D:1      | Peloso the Minotaur Fighter began the quest for the Orb.
     0 | D:1      | Reached XP level 1. HP: 19/19 MP: 0/0
   385 | D:1      | Found a faded altar of an unknown god.
   467 | D:1      | Reached XP level 2. HP: 22/27 MP: 1/1
  1136 | D:2      | Reached XP level 3. HP: 21/33 MP: 2/2
  1256 | D:2      | Noticed Jessica
  1259 | D:2      | Killed Jessica
  1266 | D:2      | Reached XP level 4. HP: 34/41 MP: 3/3
  1424 | D:2      | Slain by a gnoll

Illustrated notes

Levels and vault maps discovered:
D:1:      minmay_arrival_stone_box, layout_basic, basic_ecumenical_altar
D:2:      layout_rooms, basic_altar, uniq_jessica

Skill      XL: |  1  2  3 |
---------------+----------+-----
Fighting       | 4 |  4.5
Armour         | 4 |  4.8
Long Blades    | 3 |  3.7
Shields        | 4 |  4.0
Dodging        | |  0.5

Action                   |  1- 3 |  4- 6 || total
-------------------------+-------+-------++-------
Melee: Long sword        |    53 |    21 ||    74
       Headbutt          |     6 |     4 ||    10
Armor: Scale mail        |    32 |    16 ||    48
Dodge: Dodged            |    25 |    12 ||    37
Block: Buckler           |    10 |     9 ||    19
